 Dungeon Crawl Stone Soup version 0.21.1-1-g345015f (webtiles) character file.

51 kae the Insei (level 3, 0/29 HPs)
             Began as a Draconian Transmuter on May 16, 2018.
             Slain by a gnoll
             ... wielding a +0 club
              (11 damage)
             ... on level 2 of the Dungeon.
             The game lasted 00:01:29 (1254 turns).

kae the Insei (Draconian Transmuter)                Turns: 1254, Time: 00:01:29

Health: 0/29       AC:  5    Str: 12    XL:     3   Next: 57%
Magic:  3/6        EV: 12    Int: 13    God:
Gold:   79         SH:  0    Dex: 12    Spells: 0/6 levels left

rFire    . . .     SeeInvis .     - Unarmed
rCold    . . .     Gourm    .   (no shield)
rNeg     . . .     Faith    .   (armour unavailable)
rPois    .         Spirit   .   (helmet restricted)
rElec    .         Reflect  .   (no cloak)
rCorr    .         Harm     .   (no gloves)
MR       .....                  (boots currently unavailable)
Stlth    +.........             (no amulet)
HPRegen  0.09/turn              (no ring)
MPRegen  0.10/turn              (no ring)

@: appendage (expiring), very slightly contaminated
A: unfitting armour, talons 3, cold-blooded, AC +5
a: End Transformation


You were on level 2 of the Dungeon.
You were not hungry.
You had grown temporary talons.
You visited 1 branch of the dungeon, and saw 2 of its levels.

You collected 79 gold pieces.

Inventory:

Missiles
 a - 11 arrows
Jewellery
 f - a cursed ring of teleportation {unknown}
 k - an uncursed amulet of regeneration {unknown}
 l - an uncursed ring of ice {unknown}
Scrolls
 d - 3 scrolls of remove curse {unknown}
 e - a scroll of teleportation {unknown}
 i - 2 scrolls of identify {unknown}
 m - a scroll of blinking {unknown}
Potions
 g - a potion of curing {unknown}
 h - a potion of agility {unknown}
 j - 2 potions of haste {unknown}
Books
 b - a book of Changes

   Spells                             Type                      Level
   a - Beastly Appendage              Transmutation                1
   b - Sticks to Snakes               Transmutation                2
   c - Spider Form                    Transmutation/Poison         3
   d - Ice Form                       Ice/Transmutation            4
   e - Blade Hands                    Transmutation                5
Comestibles
 c - 6 rations


   Skills:
 + Level 1.8 Fighting
 - Level 1.7 Dodging
 * Level 3.6 Unarmed Combat
 + Level 2.3 Spellcasting
 * Level 2.7 Transmutations


You couldn't memorise any spells.
You knew the following spells:

 Your Spells              Type           Power        Failure   Level  Hunger
a - Beastly Appendage     Tmut           #.....       8%          1    #......
b - Sticks to Snakes      Tmut           #.......     12%         2    ###....
c - Spider Form           Tmut/Pois      #.........   38%         3    ###....


Dungeon Overview and Level Annotations

Branches:
Dungeon (2/15)

Altars:


Innate Abilities, Weirdness & Mutations

Your plain brown scales are hard. (AC +5)
You cannot fit into any form of body armour.
You are cold-blooded and may be slowed by cold attacks.
You have claws for feet.


Message History

The gnoll is lightly wounded.
The gnoll hits you but does no damage.
You hit the gnoll.
The gnoll is moderately wounded.
You barely miss the gnoll.
The gnoll is moderately wounded.
The gnoll closely misses you.
You hit the gnoll but do no damage. Your kick misses the gnoll.
The gnoll is moderately wounded.
The gnoll hits you with a club!
You are too injured to fight recklessly!
You are too injured to fight recklessly!
You are too injured to fight recklessly!
You are too injured to fight recklessly!
Casting: Beastly Appendage
Confirm with . or Enter, or press ? or * to list all spells.
You miscast Spider Form.
You are very lightly contaminated with residual magic.
Nothing appears to happen.
The gnoll hits you with a club!
You die...

#. #.# ###.## ##
####....... #########...
...#. #.......#.##.#...
#.##.........#..# #
#.#.##.#.####.@#########
.###..##.#.#####g#........
#.#.####.#.......g#...#...
#.#####.########.........
#.(....... ###...#...
#.#####.....#####........
#.### #...gg.....########
##### #...# #... #.# ....
####.# #.# #...


You could see 2 gnolls.

Vanquished Creatures
  A gnoll (D:2)
  2 leopard geckos
  5 bats
  5 giant cockroaches
  4 goblins
  4 hobgoblins (D:1)
  5 kobolds
  A quokka (D:2)
  4 frilled lizards (D:1)
  6 rats (D:1)
37 creatures vanquished.

Notes
Turn   | Place    | Note
-------+----------+-------------------------------------------
     0 | D:1      | kae the Draconian Transmuter began the quest for the Orb.
     0 | D:1      | Reached XP level 1. HP: 16/16 MP: 3/3
   159 | D:1      | Reached XP level 2. HP: 22/23 MP: 5/5
   939 | D:2      | Reached XP level 3. HP: 25/28 MP: 6/6
  1062 | D:2      | Learned a level 2 spell: Sticks to Snakes
  1194 | D:2      | Learned a level 3 spell: Spider Form
  1254 | D:2      | Slain by a gnoll

Action                   || total
-------------------------++-------
Melee: Unarmed           ||   133
       Tailslap          ||     7
       Kick              ||     1
       Punch             ||     1
 Cast: Beastly Appendage ||     3
       Sticks to Snakes  ||     1
  Eat: Chunk             ||     1
Armor: Skin              ||    44
Dodge: Dodged            ||    75
